Map: Jagannatha LE

Players

Beugsman - Winner!

  • Race: Terran Terran
  • League: Gold
  • Spawn Location: 7:00

ENCORE

  • Race: Zerg Zerg
  • League: Gold
  • Spawn Location: 1:00

VOD

Have the link to the VOD?

Description

Time

  • Played on: Nov. 25, 2020, 1:30 a.m.
  • Length: 14:05
Show
View Real Time Build Order
Export as new Build Order

Beugsman Terran - Winner!

Build Orders: 2 Factory, Mech 

Get SALT Encoding   

  12  0:00  SCV  
  13  0:23  SCV  
  14  0:35  SCV  
  14  0:39  Supply Depot  
  14  0:40  Refinery  
  15  0:43  Refinery  
  15  1:01  SCV  
  16  1:13  Barracks, SCV  
  17  1:26  SCV  
  18  1:38  SCV  
  19  1:46  Command Center  
  19  1:50  SCV  
  20  2:02  SCV  
  20  2:04  Marine  
  22  2:16  Factory  
  22  2:19  SCV  
  23  2:34  Supply Depot  
  23  2:43  Orbital Command  
  23  2:57  Supply Depot  
  23  3:05  Factory Tech Lab  
  23  3:11  Factory  
  23  3:12  SCV  
  24  3:21  SCV  
  25  3:27  Supply Depot  
  25  3:28  SCV  
  26  3:35  Siege Tank  
  26  3:40  SCV  
  26  3:41  SCV  
  31  3:45  Marine  
  32  3:49  Supply Depot  
  32  3:53  SCV  
  33  3:56  Factory Tech Lab  
  33  3:59  SCV  
  34  4:03  Marine  
  34  4:06  Factory  
  34  4:07  SCV  
  36  4:14  Siege Tank  
  39  4:21  Siege Tank  
  42  4:25  SCV  
  42  4:26  SCV  
  44  4:37  SCV  
  45  4:40  Armory  
  45  4:41  Barracks Reactor, SCV  
  46  4:48  Bunker  
  46  4:49  SCV  
  47  4:53  SCV, Hellion  
  50  5:01  SCV  
  50  5:05  Orbital Command  
  51  5:09  Refinery  
  51  5:13  SCV  
  51  5:20  Refinery  
  51  5:25  SCV  
  52  5:31  Terran Vehicle Weapons Level 1  
  52  5:37  SCV, Command Center  
  52  5:39  Thor  
  59  5:44  SCV  
  59  5:48  Hellbat  
  63  5:50  SCV  
  63  5:52  Hellbat  
  63  5:56  SCV  
  66  6:02  SCV  
  67  6:07  Bunker  
  67  6:08  Hellbat, SCV  
  70  6:12  Supply Depot  
  70  6:17  SCV  
  71  6:19  Infernal Pre-Igniter  
  71  6:20  SCV  
  71  6:23  Hellbat  
  71  6:24  Hellbat  
  76  6:29  SCV  
  76  6:31  Supply Depot  
  76  6:32  SCV  
  78  6:36  Engineering Bay  
  78  6:41  SCV  
  78  6:44  SCV  
  80  6:47  Thor  
  80  6:52  Hellbat  
  80  6:53  SCV  
  89  6:55  Hellbat  
  89  7:00  SCV  
  92  7:02  Starport  
  92  7:03  Hellbat  
  92  7:05  SCV  
  95  7:12  SCV  
  96  7:17  SCV  
  96  7:24  SCV  
  96  7:29  SCV  
  98  7:30  Terran Vehicle Weapons Level 2  
  98  7:36  SCV  
  99  7:38  Siege Tank x2  
  99  7:40  Hellbat  
  99  7:42  SCV  
  108  7:48  SCV  
  108  7:49  Hellbat  
  111  7:52  Medivac  
  111  7:54  SCV  
  111  7:55  Supply Depot  
  114  7:59  Supply Depot  
  114  8:00  SCV  
  114  8:04  Marine  
  116  8:06  SCV  
  117  8:15  Supply Depot  
  117  8:16  Thor, SCV  
  117  8:18  SCV  
  125  8:21  Hellbat x2, Siege Tank  
  125  8:22  Marine  
  133  8:32  Supply Depot  
  133  8:35  SCV x2, Medivac  
  133  8:39  Supply Depot x2  
  133  8:40  Marine  
  138  8:47  SCV x2  
  144  8:48  Hellbat x2  
  144  8:49  Factory  
  144  8:57  Refinery  
  144  8:59  SCV x2  
  144  9:00  Siege Tank  
  144  9:01  Refinery  
  149  9:06  Hellbat  
  153  9:10  Hellbat, Medivac  
  153  9:11  SCV x2  
  153  9:14  Hellbat  
  159  9:23  SCV x2  
  161  9:30  Siege Tank  
  164  9:34  Barracks Tech Lab  
  164  9:36  SCV x2  
  166  9:44  Planetary Fortress  
  170  9:46  Hellbat x2  
  170  9:47  Factory Tech Lab  
  170  9:50  Medivac  
  118  10:04  Hellbat x2  
  124  10:07  Hellbat  
  124  10:11  SCV x2  
  126  10:19  Supply Depot  
  126  10:20  Siege Tank  
  129  10:23  Hellbat, SCV x2  
  129  10:25  Siege Tank x2  
  141  10:28  Hellbat  
  141  10:40  SCV x2  
  141  10:44  Hellbat  
  145  10:50  Hellbat  
  145  10:57  Siege Tank  
  145  11:03  Supply Depot  
  148  11:05  SCV  
  148  11:07  Command Center  
  149  11:12  Supply Depot  
  149  11:15  Terran Vehicle And Ship Armor Level 1  
  149  11:20  Thor, Medivac  
  149  11:25  Thor  
  165  11:26  Supply Depot  
  165  11:30  Hellbat  
  165  11:34  Hellbat, Siege Tank, SCV x2  
  142  11:52  Hellbat  
  144  11:56  Hellbat  
  146  12:03  Siege Tank  
  146  12:06  Thor  
  146  12:08  Siege Tank  
  158  12:11  Supply Depot  
  158  12:13  Hellbat, SCV x2, Command Center  
  158  12:14  SCV  
  163  12:17  Hellbat  
  163  12:20  Factory  
  159  12:31  Starport Tech Lab  
  159  12:34  Hellbat  
  159  12:35  SCV x2  
  159  12:36  Hellbat  
  165  12:38  Hellbat  
  165  12:40  Hellbat  
  169  12:46  Factory  
  169  12:49  Hellbat  
  171  12:54  SCV x2  
  171  12:56  Hellbat  
  171  12:57  Hellbat  
  179  13:00  Hellbat  
  179  13:01  Hellbat  
  178  13:10  Thor  
  184  13:17  Hellbat  
  184  13:18  Thor  
  192  13:21  Hellbat  
  192  13:23  Hellbat  
  196  13:36  Factory Tech Lab x2  
  196  13:39  Hellbat  
  198  13:44  Hellbat  
  200  13:48  Supply Depot  
Show
View Real Time Build Order
Export as new Build Order

ENCORE Zerg 

Build Orders: Hatch First 

Get SALT Encoding   

  12  0:00  Drone  
  13  0:12  Overlord  
  13  0:17  Drone  
  14  0:34  Drone x2  
  14  0:35  Drone  
  17  1:05  Hatchery  
  17  1:09  Drone x3  
  19  1:15  Extractor  
  18  1:21  Spawning Pool  
  17  1:28  Drone  
  17  1:31  Drone  
  19  2:01  Drone  
  19  2:02  Drone  
  19  2:04  Drone  
  22  2:16  Queen  
  22  2:17  Queen  
  22  2:19  Zergling x4  
  28  2:24  Overlord  
  28  2:40  Overlord  
  28  2:43  Hatchery  
  27  2:50  Drone  
  27  2:51  Drone x3  
  31  2:59  Queen  
  31  3:03  Queen  
  35  3:07  Overlord  
  35  3:38  Baneling Nest  
  34  3:53  Drone x8  
  42  4:00  Spore Crawler  
  41  4:03  Spore Crawler  
  41  4:07  Spore Crawler  
  39  4:12  Spore Crawler  
  39  4:15  Queen  
  39  4:16  Queen  
  42  4:19  Lair  
  42  4:23  Drone x6  
  42  4:24  Drone x2  
  50  4:48  Extractor  
  49  4:53  Extractor  
  49  4:55  Extractor  
  49  4:58  Drone  
  49  4:59  Overlord x2, Drone  
  49  5:00  Overlord, Drone  
  49  5:01  Overlord  
  50  5:23  Zergling x30  
  50  5:24  Zergling x2  
  50  5:27  Zergling x6  
  69  5:30  Centrifical Hooks  
  69  5:35  Metabolic Boost  
  69  6:10  Zergling x24  
  69  6:11  Zergling x2  
  82  6:14  Overlord  
  82  6:16  Overlord  
  82  6:18  Overlord  
  82  6:30  Evolution Chamber  
  81  7:00  Drone  
  81  7:01  Drone x13  
  61  7:31  Zergling x2  
  61  7:32  Zergling x22  
  73  8:00  Hatchery  
  72  8:12  Zerg Melee Weapons Level 1  
  72  8:23  Zergling x4  
  72  8:24  Zergling x26  
  87  8:44  Zergling x2  
  87  8:45  Zergling x24  
  100  9:27  Baneling  
  100  9:28  Baneling x25  
  100  9:29  Baneling x25  
  100  9:30  Baneling x28  
  100  9:31  Baneling  
  60  10:05  Zergling x22  
  60  10:06  Zergling x40  
  91  10:20  Zerg Melee Weapons Level 2  
  60  10:50  Zergling x2  
  60  10:52  Zergling x24  
  60  10:53  Zergling x14  
  80  11:17  Baneling x3  
  80  11:18  Baneling x30  
  80  11:19  Baneling x5  
  80  11:20  Baneling  
  80  11:21  Baneling  
  60  11:48  Zergling x2  
  60  11:49  Zergling x40  
  60  11:50  Zergling x6  
  84  12:22  Zergling x18  
  69  12:23  Zergling x2  
  70  12:43  Zergling x16  
  78  12:47  Queen  
Tags
 
Composition
Mech
League
GoldGold
Matchup
TvZ
Spawn Locations
Cross Positions
Add a new tag
Caveats
  • Supply blocks, unpowered buildings, or Contaminate may cause inaccurate times.
  • Supply counts are checked every 10 seconds.